 Dungeon Crawl Stone Soup version 0.28.0-53-g5a82cb258f (webtiles) character file.

Game seed: 2860444725764581884

158 Arcadio the Skirmisher (level 5, -5/63 HPs)
             Began as a Demonspawn Abyssal Knight on June 2, 2022.
             Was a Believer of Lugonu.
             Slain by a gnoll
             ... wielding a +0 whip
              (7 damage)
             ... on level 3 of the Dungeon.
             The game lasted 00:08:21 (3994 turns).

Arcadio the Skirmisher (Demonspawn Abyssal Knight)  Turns: 3994, Time: 00:08:22

Health: -5/63      AC:  5    Str: 22    XL:     5   Next: 16%
Magic:  6/6        EV: 12    Int: 11    God:    Lugonu [**....]
Gold:   103        SH:  4    Dex: 13    Spells: 4/4 levels left

rFire   . . .      SeeInvis .   a - +1 falchion
rCold   . . .      Faith    +   (no shield)
rNeg    . . .      Spirit   .   b - +0 leather armour
rPois   .          Reflect  .   (helmet restricted)
rElec   .          Harm     .   (no cloak)
rCorr   .          Rampage  .   g - +0 pair of gloves
Will    .....                   k - +0 pair of boots
Stlth   ..........              r - amulet of faith
HPRegen 0.20/turn               i - +6 ring of strength
MPRegen 0.10/turn               (no ring)

@: berserking, very quick
A: horns 1, condensation shield
a: Renounce Religion, Depart the Abyss, Bend Space


You were on level 3 of the Dungeon.
You worshipped Lugonu.
Lugonu was pleased with you.
You visited 1 branch of the dungeon, and saw 4 of its levels.
You visited the Abyss 1 time.

You collected 103 gold pieces.

Inventory:

Hand Weapons
 a - a +1 falchion (weapon)
Armour
 b - a +0 leather armour (worn)
 g - a +0 pair of gloves (worn)
 k - a +0 pair of boots (worn)
 o - a +0 kite shield
Jewellery
 i - a +6 ring of strength (left hand)
 r - an amulet of faith (around neck)
Scrolls
 c - a scroll of teleportation {unknown}
 d - a scroll of blinking {unknown}
 j - a scroll of acquirement {unknown}
 l - 2 scrolls of immolation {unknown}
 m - 4 scrolls of holy word {unknown}
 n - 2 scrolls of torment {unknown}
 q - 2 scrolls of identify
Potions
 f - a potion of haste {unknown}
 h - a potion of curing {unknown}
 p - 2 potions of might {unknown}


   Skills:
 + Level 4.1 Fighting
 + Level 3.1 Long Blades
 - Level 1.7 Armour
 + Level 2.6 Dodging
 - Level 2.4 Invocations


You had 4 spell levels left.
You didn't know any spells.
Your spell library was empty.

Dungeon Overview and Level Annotations

Branches:
Dungeon (4/15)
 Temple: D:4-7

Altars:
Qazlal
Xom


Innate Abilities, Weirdness & Mutations

You have a pair of small horns on your head.
A meltable shield of frost defends you. (SH +4)


Message History

You hit the orc.
The orc is severely wounded.
The orc hits you but does no damage.
A gnoll breaks down the door.
The orc hits you with a +0 whip.
The iguana hisses angrily.
You hear a shout!
The iguana disappears!
The goblin disappears!
You hear an angry hiss.
Found a stone staircase leading up.
Found a transparent scale mail.
The ogre hits you but does no damage.
There is a stone staircase leading up here.
The gnoll misses you. The gnoll barely misses you. The adder misses you.
The adder barely misses you. The adder completely misses you.
You block the orc's attack.
The ogre hits you with a +0 giant spiked club.
The orc closely misses you. The adder bites you.
The orc hits you with a +0 whip.
The ogre hits you with a +0 giant spiked club!!
Ouch! That really hurt!
* * * LOW HITPOINT WARNING * * *
The gnoll closely misses you. The ogre barely misses you.
The gnoll hits you with a +0 whip.
* * * LOW HITPOINT WARNING * * *
The adder barely misses you. The gnoll hits you with a +0 whip.
* * * LOW HITPOINT WARNING * * *
There is a stone staircase leading up here.
You block the gnoll's attack.
You climb upwards.
There is a stone staircase leading down here.
A red film seems to cover your vision as you go berserk!
You feel yourself moving faster!
You feel mighty! The gnoll hits you with a +0 whip.
* * * LOW HITPOINT WARNING * * *
The gnoll hits you with a +0 whip.
* * * LOW HITPOINT WARNING * * *
You barely miss the gnoll. The gnoll hits you with a +0 whip!
You die...

##### #...# #.#g##########
#.#@.........#
##+#g########.## #.....#
#..#
######.....########.##
#.................#..#####
#.......#.................
#)......#.#######.##.####.
#.......#.#....##.##..###.
#.......#.#....##.#.......


You could see 2 gnolls.

Vanquished Creatures
  2 hounds
  4 gnolls (D:3)
  A worm (D:2)
  7 ball pythons (D:1)
  5 endoplasms
  3 giant cockroaches
  7 goblins
  3 hobgoblins
  2 quokkas
  9 bats
  5 frilled lizards
  8 kobolds
  2 rats (D:1)
58 creatures vanquished.

Vanquished Creatures (others)
  15 plants (D:1)
15 creatures vanquished.

Grand Total: 73 creatures vanquished

Notes
Turn   | Place    | Note
-------+----------+-------------------------------------------
     0 | Abyss:1  | Arcadio the Demonspawn Abyssal Knight began the quest for
                  | the Orb.
     0 | Abyss:1  | Reached XP level 1. HP: 18/18 MP: 2/2
    46 | Abyss:1  | Noticed a starcursed mass
    69 | D:1      | Escaped the Abyss
   437 | D:1      | Reached skill level 1 in Dodging
   551 | D:1      | Reached * piety under Lugonu
   560 | D:1      | Gained mutation: A meltable shield of frost defends you.
                  | (SH +4) [demonic ancestry]
   560 | D:1      | Reached XP level 2. HP: 24/24 MP: 3/3
   994 | D:1      | You fall into a shaft and drop 1 floor!
  1328 | D:2      | Found a shimmering altar of Xom.
  1740 | D:2      | Reached XP level 3. HP: 24/29 MP: 4/4
  2315 | D:1      | Gained mutation: You have a pair of small horns on your
                  | head. [demonic ancestry]
  2315 | D:1      | Reached XP level 4. HP: 19/37 MP: 5/5
  2577 | D:1      | Found a faded altar of an unknown god.
  3125 | D:3      | Reached skill level 4 in Fighting
  3774 | D:4      | Found a stormy altar of Qazlal.
  3862 | D:4      | Reached XP level 5. HP: 42/42 MP: 6/6
  3879 | D:4      | Reached ** piety under Lugonu
  3919 | D:4      | Noticed an ogre
  3993 | D:3      | HP: 2/63 [gnoll/+0 whip (2)]
  3994 | D:3      | Slain by a gnoll

Illustrated notes

Levels and vault maps discovered:
D:1:      evilmike_arrival_rings, layout_basic,
          shapermc_ecumenical_altar_notcrosses, kennysheep_pointless_box,
          chequers_serial_rivers_large_b, lexackson_kobold_supper
D:2:      layout_loops_ring, basic_altar
D:3:      layout_basic, corexii_leaking_fountain
D:4:      layout_basic, grunt_qazlal_sundering, grunt_tough_drop

Skill      XL: |  1  2  3  4 |
---------------+-------------+-----
Dodging        | 1 2 |  2.6
Long Blades    | 2 3 |  3.1
Fighting       | 4 |  4.1
Armour         | |  1.7
Invocations    | |  2.4

Action                   |  1- 3 |  4- 6 || total
-------------------------+-------+-------++-------
Melee: Falchion          |   100 |    71 ||   171
       Headbutt          |       |     9 ||     9
Invok: Depart the Abyss  |     1 |       ||     1
       Bend Space        |       |     1 ||     1
  Use: Scroll            |       |     2 ||     2
       Potion            |       |     2 ||     2
Armor: Leather armour    |    29 |    30 ||    59
Dodge: Dodged            |    68 |    61 ||   129
Block: Other             |    17 |    12 ||    29
